 Dungeon Crawl Stone Soup version 0.28-a0-1435-g82390b3a13 (webtiles) character file.

Game seed: 1383947302601178338

13385 Lekart the Fighter (level 11, -1/103 (105) HPs)
             Began as a White Draconian Fighter on Jan 9, 2022.
             Slain by a yak (7 damage)
             ... led by a torpor snail
             ... on level 3 of the Lair of Beasts.
             The game lasted 00:18:54 (11123 turns).

Lekart the Fighter (White Draconian Fighter)       Turns: 11123, Time: 00:18:55

HP:   -1/103 (105)  AC: 12    Str: 18    XL:     11   Next: 74%
MP:   17/17         EV: 19    Int: 16    God:
Gold: 2598          SH:  5    Dex: 28    Spells: 10/10 levels left

rFire   . . .      SeeInvis .   r - +6 Majin-Bo {vamp, MP+6 Int+6}
rCold   . . .      Faith    .   (shield currently unavailable)
rNeg    . . .      Spirit   .   (armour unavailable)
rPois   +          Reflect  +   (helmet restricted)
rElec   +          Harm     .   v - +1 cloak "Tydd" {Drain +Inv rF- Dex+8}
rCorr   .          Rampage  .   (no gloves)
Will    .....                   n - +2 pair of boots
Stlth   ++........              f - amulet of reflection
HPRegen 0.27/turn               t - ring of poison resistance
MPRegen 0.15/turn               d - ring "Lyutuse" {Fire rElec Dex+6}

@: about to teleport, slowed, lightly drained, very slow
A: breathe frost, AC +7, unfitting armour, cold resistance 1, cold-blooded
a: Breathe Frost, Evoke Invisibility


You were on level 3 of the Lair of Beasts.
You visited 3 branches of the dungeon, and saw 15 of its levels.
You also visited: Ossuary and Bailey.

You collected 2620 gold pieces.
You spent 22 gold pieces at shops.

Inventory:

Hand Weapons
 m - a +5 scimitar
 q - a +5 falchion of freezing
 r - the +6 Majin-Bo (weapon) {vamp, MP+6 Int+6}
   (You took it off an orc on level 5 of the Dungeon)

   It occasionally heals its wielder for a portion of the damage dealt when they
   wound a living foe with it or with a spell.
   Its wielder's spells cost health as well as magical power.
   Int:       It affects your intelligence (+6).
   MP:        It affects your magic capacity (+6).
Missiles
 h - 12 javelins
 o - 15 boomerangs (quivered)
Armour
 b - a +0 buckler
 n - a +2 pair of boots (worn)
 v - the +1 cloak "Tydd" (worn) {Drain +Inv rF- Dex+8}
   (You found it on level 6 of the Dungeon)

   Dex:       It affects your dexterity (+8).
   rF:        It makes you vulnerable to fire.
   +Inv:      It lets you turn invisible.
   Drain:     It drains your maximum health when unequipped.
Jewellery
 d - the ring "Lyutuse" (right hand) {Fire rElec Dex+6}
   (You acquired it on level 6 of the Dungeon)

   [ring of fire]

   It enhances your fire magic.
   Dex:       It affects your dexterity (+6).
   rF:        It protects you from fire.
   rC:        It makes you vulnerable to cold.
   rElec:     It insulates you from electricity.
 f - an amulet of reflection (around neck)
 k - a +6 ring of strength
 l - a +6 ring of dexterity
 p - a ring of protection from cold
 t - a ring of poison resistance (left hand)
 u - a ring of willpower
 x - an amulet of regeneration
 A - a +4 ring of protection
 C - a ring of magical power
Wands
 i - a wand of iceblast (10)
 z - a wand of digging (4)
Scrolls
 a - a scroll of amnesia
 g - 5 scrolls of enchant weapon
 j - 5 scrolls of identify
 y - 2 scrolls of blinking {unknown}
 B - a scroll of torment {unknown}
Potions
 c - a potion of attraction
 e - 2 potions of cancellation
 s - 3 potions of curing


   Skills:
 * Level 12.4 Fighting
 + Level 5.6 Long Blades
 + Level 11.1 Staves
 + Level 3.9 Throwing
 + Level 7.1 Dodging
 + Level 5.4 Shields
 * Level 0.8 Evocations


You had 10 spell levels left.
You didn't know any spells.
Your spell library contained the following spells:

 Spells                   Type           Power      Damage    Failure   Level
 Ensorcelled Hibernation  Hex/Ice        0%         N/A       36%         2
 Spider Form              Tmut/Pois      0%         N/A       58%         3
 Tukima's Dance           Hex            0%         N/A       58%         3
 Passage of Golubria      Tloc           0%         N/A       94%         4
 Yara's Violent Unravell  Hex/Tmut       0%         3d3       100%        5


Dungeon Overview and Level Annotations

Branches:
Dungeon (10/15)            Temple (1/1) D:7            Lair (4/6) D:10
 Shoals (0/4) Lair:4       Spider (0/4) Lair:3      Ossuary (visited)
 Bailey (visited)
    Orc: D:9-12

Altars:
Ashenzari
Cheibriados
Dithmenos
Elyvilon
Fedhas
Gozag
Hepliaklqana
Kikubaaqudgha
Makhleb
Nemelex Xobeh
Okawaru
Qazlal
Ru
Sif Muna
Trog
Uskayaw
Vehumet
Wu Jian
Xom
Yredelemnul
Zin
The Shining One

Shops:
D:1 *   D:3 ?

Annotations:
Lair:4 1 runed translucent door, bezhaha's ghost, adept DjIE


Innate Abilities, Weirdness & Mutations

You can breathe waves of freezing cold which knock back foes.
Your icy white scales are hard. (AC +7)
You cannot fit into any form of body armour.
Your flesh is cold resistant. (rC+)
You are cold-blooded and may be slowed by cold attacks.


Message History

Being near the torpor snail leaves you feeling lethargic.
Found 11 arrows, 14 gold pieces and a wand of iceblast (7).
Found an escape hatch in the ceiling.
There is a stone staircase leading down here.
The yak completely misses you. The cane toad stings you!
You are poisoned.
The cane toad poisons you! The yak barely misses you. The yak gores you!
The cane toad stings you!
* * * LOW HITPOINT WARNING * * *
* * * LOW HITPOINT WARNING * * *
You feel extremely sick. The yak gores you.
* * * LOW HITPOINT WARNING * * *
The yak misses you.
You feel better. The cane toad stings you!
* * * LOW HITPOINT WARNING * * *
The electric eel shoots out a bolt of lightning at you!
The bolt of electricity hits you. You resist.
* * * LOW HITPOINT WARNING * * *
The yak closely misses you. The cane toad barely misses you.
You block the yak's attack.
The electric eel shoots out a bolt of lightning at you!
The bolt of electricity hits you. You resist.
* * * LOW HITPOINT WARNING * * *
As you read the scroll of teleportation, it crumbles to dust.
You feel strangely unstable.
A wolf comes into view.
The yak gores you but does no damage. You block the cane toad's attack.
The yak gores you but does no damage. The yak gores you.
* * * LOW HITPOINT WARNING * * *
The cane toad stings you!
* * * LOW HITPOINT WARNING * * *
The yak gores you but does no damage.
You feel better. The yak gores you.
* * * LOW HITPOINT WARNING * * *
A wolf comes into view.
The cane toad stings you!
* * * LOW HITPOINT WARNING * * *
The yak gores you!
You die...

,,,,,** *#../.≈≈≈≈≈.## *****,*
,,,,,,***#...≈≈≈≈≈≈≈≈.# ***
,,,,,,,,,....≈≈≈≈≈≈≈≈≈##
,,,,,,,***#.≈≈≈≈≈≈≈≈≈.≈# ,,,,,,,*
#.≈≈≈≈≈≈≈≈≈.#* ,,**,,,*
##.≈≈≈≈≈..≈..#
,,*,*,,**#..$≈≈≈(Y.≈.#*
,*,*,,,,*,#...SFwYY..###*
,,**,,,,**.#..<.@Y......#
>,,,,,,,,*#.##........###*
,,**,,,,,,.#............P*
,,,**,,,,............##..** *
,****,,,,h.......#####,*.,*******
,,,*,,,,,.....##.# *,**,,,*,,*,
,,,,,,,,,.h...*### ******,,,,,,
,,,,,,,,,.....,* *,,,,,,,,***
,,,,,,,,,,,,,,,* *,,,,,,,,*,*


You could see a torpor snail, 4 yaks, a cane toad, 2 wolves and an electric eel.

Vanquished Creatures
  A two-headed ogre (D:9)
  Pikel (D:9)
  3 elephants (Lair:4)
  3 cane toads
  2 rime drakes (Lair:2)
  2 komodo dragons (Lair:2)
  A troll (D:9)
  2 hornets
  Sigmund (D:3)
  A shadow (D:7)
  20 yaks
  A wyvern (Lair:4)
  Eustachio (D:6)
  A basilisk (Lair:1)
  2 steam dragons (D:7)
  3 wargs (D:10)
  4 water moccasins
  2 orc warriors
  2 black bears
  2 sky beasts
  4 ogres
  2 centaurs
  A phantom (D:5)
  2 kobold brigands (D:8)
  4 bullfrogs
  A scorpion (D:6)
  A water moccasin zombie (D:6)
  2 wyvern skeletons
  12 killer bees
  10 wights (D:8)
  7 howler monkeys
  2 centaur zombies
  2 bullfrog skeletons
  3 hounds
  9 orc priests
  A centaur skeleton (D:7)
  3 jellies
  Jessica (D:3)
  12 orc wizards
  4 hell rats (Lair:2)
  An iguana (D:6)
  2 killer bee zombies
  A hound skeleton (D:5)
  2 mummies (Ossuary)
  A howler monkey zombie (D:5)
  4 gnolls (D:5)
  6 adders
  2 white imps (D:6)
  An ufetubus (D:4)
  3 dart slugs
  25 orcs
  6 endoplasms
  2 giant cockroaches
  7 gnoll zombies (Ossuary)
  6 goblins
  9 hobgoblins
  5 quokkas
  8 ball pythons
  5 bats
  3 frilled lizards
  4 goblin zombies
  A hobgoblin zombie (Ossuary)
  23 kobolds
  2 orc zombies (Ossuary)
  A rat (D:2)
  A rat zombie (D:7)
269 creatures vanquished.

Vanquished Creatures (others)
  3 fungi
  33 plants
36 creatures vanquished.

Grand Total: 305 creatures vanquished

Notes
Turn   | Place    | Note
-------+----------+-------------------------------------------
     0 | D:1      | Lekart the Draconian Fighter began the quest for the Orb.
     0 | D:1      | Reached XP level 1. HP: 19/19 MP: 1/1
     9 | D:1      | Found Rigoih's General Store.
   101 | D:1      | You fall into a shaft and drop 1 floor!
   125 | D:2      | Reached XP level 2. HP: 21/26 MP: 2/2
   440 | D:2      | Reached XP level 3. HP: 28/33 MP: 3/3
  1163 | D:3      | Reached skill level 4 in Fighting
  1312 | D:3      | Noticed Sigmund
  1325 | D:3      | Killed Sigmund
  1326 | D:3      | Reached skill level 1 in Throwing
  1326 | D:3      | Reached XP level 4. HP: 4/41 MP: 4/4
  1326 | D:3      | Reached XP level 5. HP: 5/47 MP: 5/5
  1717 | D:3      | Noticed Jessica
  1720 | D:3      | Killed Jessica
  1773 | D:3      | Found Syizor's Magic Scroll Boutique.
  1781 | D:3      | Bought a scroll of identify for 22 gold pieces
  1883 | D:3      | Reached skill level 5 in Fighting
  2010 | D:3      | Reached XP level 6. HP: 56/56 MP: 6/6
  3325 | D:5      | Entered Level 5 of the Dungeon
  3533 | D:5      | Reached skill level 6 in Fighting
  3533 | D:5      | Your scales start taking on an icy white colour.
  3533 | D:5      | Reached XP level 7. HP: 63/63 MP: 7/7
  3533 | D:5      | Gained mutation: Your flesh is cold resistant. (rC+) [White
                  | Draconian growth]
  3588 | D:5      | Reached skill level 5 in Long Blades
  3724 | D:5      | Reached skill level 1 in Staves
  3820 | D:5      | Reached skill level 7 in Fighting
  3913 | D:5      | Found a blossoming altar of Fedhas.
  4016 | D:5      | Reached XP level 8. HP: 73/73 MP: 8/8
  4480 | D:6      | Identified the +1 cloak "Tydd" {Drain +Inv rF- Dex+8}
  4771 | D:5      | Reached skill level 8 in Fighting
  4858 | D:6      | Identified 2 scrolls of acquirement
  4858 | D:6      | Acquired 873 gold pieces
  4860 | D:6      | Acquired the ring "Lyutuse" {Fire rElec Dex+6}
  4974 | D:6      | Reached skill level 5 in Dodging
  5092 | D:6      | Noticed Eustachio
  5107 | D:6      | Killed Eustachio
  5108 | D:6      | Reached skill level 5 in Staves
  5108 | D:6      | Reached XP level 9. HP: 68/82 MP: 9/9
  5409 | D:7      | Found a sand-covered staircase.
  5417 | Ossuary  | Entered an ossuary
  5637 | D:7      | Found a staircase to the Ecumenical Temple.
  5684 | Temple   | Entered the Ecumenical Temple
  6260 | D:7      | Reached skill level 9 in Fighting
  6779 | D:8      | Found a flagged portal.
  6838 | Bailey   | Entered a bailey
  6889 | Bailey   | Noticed an orc warlord
  6967 | Bailey   | Noticed an orc knight
  7481 | D:8      | Reached XP level 10. HP: 89/93 MP: 10/10
  8514 | D:9      | Reached skill level 10 in Fighting
  8560 | D:9      | Noticed Pikel
  8566 | D:9      | Killed Pikel
  8835 | D:9      | Noticed a two-headed ogre
  8846 | D:9      | Killed a two-headed ogre
  9264 | D:10     | Entered Level 10 of the Dungeon
  9301 | D:10     | Acquired 861 gold pieces
  9326 | D:10     | Found a staircase to the Lair.
  9419 | Lair:1   | Entered Level 1 of the Lair of Beasts
  9488 | Lair:1   | Noticed an eight-headed hydra
  9546 | Lair:1   | Reached skill level 11 in Fighting
  9626 | Lair:1   | Reached skill level 5 in Shields
  9626 | Lair:1   | Reached XP level 11. HP: 78/102 MP: 11/11
  9733 | Lair:1   | Reached skill level 10 in Staves
 10550 | Lair:2   | Reached skill level 12 in Fighting
 10862 | Lair:4   | Found a runed translucent door.
 10862 | Lair:4   | Noticed bezhaha's ghost (adept DjIE)
 10865 | Lair:4   | Noticed a six-headed hydra
 11123 | Lair:3   | Slain by a yak

Illustrated notes

Levels and vault maps discovered:
D:1:      amcnicky_arrival_single_pillar, layout_rooms, serial_shops,
          nicolae_shop_crystal, kennysheep_crisscross
D:2:      layout_loops_ring, dk_noncrumbling_4, minmay_pentomino_r4
D:3:      layout_basic, serial_shops, shop_statue,
          chequers_serial_rivers_room_a, minmay_misc_feat_roman, uniq_sigmund,
          uniq_jessica
D:4:      layout_basic, palyth_stone_intersect
D:5:      layout_basic, mainiacjoe_overflow_boulevard, serial_bayou,
          serial_bayou_crossing, serial_bayou_pond_d, serial_bayou_pond_b,
          serial_bayou_lake_a
D:6:      layout_rooms, uniq_eustachio
D:7:      layout_basic, minmay_temple_entry_sparse_star, enter_ossuary_4
D:8:      layout_layer_cave, enter_bailey_2
D:9:      layout_long_grid, uniq_pikel
D:10:     layout_layer_cave, erik_lair_orcish_takeover, bh_walls_and_bars
Temple:   nicolae_temple_the_god_donut
Lair:1:   layout_roguey, kennysheep_abandoned_house, lemuel_fruit_tree,
          grunt_megastairs_5
Lair:2:   layout_concentric_octagons
Lair:3:   layout_cave_pods, nicolae_spider_entry_non_spiders,
          grunt_forest_large_clearings, serial_bayou_shore_a,
          grunt_megastairs_4, lemuel_fruit_fields, infiniplex_staircase_pool,
          lemuel_fruit_fields
Lair:4:   layout_regular_city, minmay_shoals_entry_hut,
          ebering_ghost_inner_flame

Skill      XL: |  1  2  3  4  5  6  7  8  9 10 11 |
---------------+----------------------------------+-----
Dodging        | 3 4 5 6 7 |  7.1
Fighting       | 4 5 6 7 8 9 11 12 | 12.4
Long Blades    | 3 4 5 |  5.6
Throwing       | 1 3 |  3.9
Staves         | 1 5 7 9 11 | 11.1
Shields        | 4 5 |  5.4
Evocations     | |  0.8

Action                   |  1- 3 |  4- 6 |  7- 9 | 10-12 || total
-------------------------+-------+-------+-------+-------++-------
Melee: Long sword        |    83 |    81 |       |       ||   164
       Tailslap          |     6 |     3 |    58 |    73 ||   140
       Quarterstaff      |       |     2 |   345 |   349 ||   696
Throw: Javelin           |    13 |     7 |     1 |     6 ||    27
       Boomerang         |       |       |       |    60 ||    60
 Abil: Breathe Frost     |       |       |     4 |     8 ||    12
Evoke: Wand              |       |       |       |     2 ||     2
  Use: Potion            |     1 |     2 |     3 |     3 ||     9
       Scroll            |       |     5 |    11 |     4 ||    20
 Stab: Sleeping          |     1 |       |     2 |     3 ||     6
       Distracted        |       |       |     1 |       ||     1
Armor: Skin              |    31 |    34 |   115 |   114 ||   294
Dodge: Dodged            |    65 |    51 |   244 |   299 ||   659
Block: Buckler           |    20 |     8 |       |       ||    28
       Other             |       |       |    62 |    92 ||   154
       Reflection        |       |       |     1 |       ||     1

Table legend: (Time is in decaauts)
 A = Elapsed time spent in this place.
 B = Non-inter-level travel time spent in this place.
 C = Inter-level travel time spent in this place.
 D = Time resting spent in this place.
 E = Time spent auto-exploring this place.
 F = Levels seen in this place.
 G = Mean time per level.
                   A        B        C        D        E       F      G
               +--------+--------+--------+--------+--------+-----+--------+
         Total |  11238 |  10973 |    265 |   1385 |   7426 |  17 |  661.1 |
       Dungeon |   8821 |   8577 |    244 |    953 |   6132 |  10 |  882.1 |
        Temple |    464 |    455 |      9 |      0 |    435 |   1 |  464.0 |
          Lair |   1670 |   1659 |     11 |    368 |    795 |   4 |  417.5 |
       Ossuary |    131 |    131 |      0 |      0 |     64 |   1 |  131.0 |
        Bailey |    150 |    150 |      0 |     64 |      0 |   1 |  150.0 |
               +--------+--------+--------+--------+--------+-----+--------+

Top non-repeatable levels by time:
     D:5: 1512 daAuts
     D:3: 1410 daAuts
     D:8: 1368 daAuts
     D:9: 1009 daAuts
  Lair:2: 1002 daAuts
     D:2: 946 daAuts
     D:4: 926 daAuts
     D:7: 817 daAuts
     D:6: 576 daAuts
  Temple: 464 daAuts
  Lair:1: 309 daAuts
  Lair:4: 261 daAuts
  Bailey: 150 daAuts
    D:10: 149 daAuts
 Ossuary: 131 daAuts
